AoeStats
← 只会打步弓

Nomad

509875205Analyzed
4v4 RM · 3d ago on Sep 28, 2026· 22m 6s· 8 players
Game mode
Random Map
Map size
231×231
Population
200
Speed
Normal
Resources
Standard
Victory
Conquest
Starting age
Dark Age
Ending age
Imperial Age
RankedLock teamsTeams togetherTeam positionsShared explorationLock speedFull tech treeHidden civsTurbo modeCheats
Victory
Defeat
🇨🇳 Huns · China
1543
+18
🇨🇳 Britons · China
1538
+18
🇨🇳 Spanish · China
1524
+18
🇨🇳 Mapuche · China
1507
+19
🇹🇷 Vietnamese · Türkiye
1633
-20
🇦🇷 Khmer · Argentina
1611
-21
🇨🇳 Lithuanians · China
1530
-16
🇨🇳 Saxons · China
1526
-16
只会种田
13:33 Feudal Age
18:01 Castle Age
17:46 Bloodlines
17:59 Double-Bit Axe
19:03 Scale Barding Armor
20:59 Husbandry
22:09 Chain Barding Armor
Kant be real
5:16 Loom
12:27 Feudal Age
13:12 Double-Bit Axe
15:45 Fletching
20:44 Castle Age
19:57 Padded Archer Armor
20:52 Town Watch
20:48 Crossbowman
21:24 Bodkin Arrow
Monreson
5:45 Loom
14:52 Feudal Age
18:48 Castle Age
17:12 Double-Bit Axe
17:36 Fletching
19:47 Bodkin Arrow
20:05 Bow Saw
VirSpiritualis
4:56 Loom
12:52 Feudal Age
18:14 Castle Age
16:35 Double-Bit Axe
16:53 Gold Mining
18:04 Fletching
19:18 Bow Saw
19:06 Bodkin Arrow
LUCKY
4:34 Loom
5:07 Loom
12:57 Feudal Age
17:44 Castle Age
15:42 Double-Bit Axe
17:45 Town Watch
18:15 Horse Collar
18:51 Bow Saw
21:35 Wheelbarrow
aaa
3:09 Loom
12:15 Feudal Age
14:18 Double-Bit Axe
16:46 Wheelbarrow
16:57 Fletching
23:28 Castle Age
只会打步弓
3:41 Loom
12:50 Feudal Age
13:39 Double-Bit Axe
19:18 Wheelbarrow
21:47 Castle Age
21:02 Town Watch
21:10 Horse Collar
21:12 Fishing Lines
22:08 Gold Mining
22:10 Stone Mining
小胖子
4:59 Loom
13:40 Feudal Age
14:58 Double-Bit Axe
17:40 Castle Age
16:14 Horse Collar
20:30 Padded Archer Armor
21:30 Leather Archer Armor
Connection lost

Rejoining the realm…

Still unreachable

The connection could not be restored.

Session expired

The server has moved on; the page needs a fresh start.